 Dungeon Crawl Stone Soup version 0.27-a0-1006-g1fd4cec11e (webtiles) character file.

Game seed: 18145315480785891508

16 spiderkeys the Skirmisher (level 2, -4/24 HPs)
             Began as a Demonspawn Abyssal Knight on Apr 17, 2021.
             Was a Follower of Lugonu.
             Slain by Terence
             ... wielding a +0 short sword
              (8 damage)
             ... on level 1 of the Dungeon.
             The game lasted 00:00:48 (561 turns).

spiderkeys the Skirmisher (DsAK)                     Turns: 561, Time: 00:00:48

Health: -4/24      AC:  3    Str: 12    XL:     2   Next: 41%
Magic:  4/4        EV: 11    Int: 13    God:    Lugonu [*.....]
Gold:   0          SH:  0    Dex: 12    Spells: 1/1 levels left

rFire    . . .     SeeInvis .   a - +1 spear
rCold    . . .     Faith    .   (no shield)
rNeg     . . .     Spirit   .   b - +0 leather armour
rPois    .         Reflect  .   (no helmet)
rElec    .         Harm     .   (no cloak)
rCorr    .         Rampage  .   (no gloves)
Will     .....                  (no boots)
Stlth    +.........             (no amulet)
HPRegen  0.08/turn              (no ring)
MPRegen  0.18/turn              (no ring)

@: no status effects
A: magic regeneration
a: Renounce Religion, Depart the Abyss


You were on level 1 of the Dungeon.
You worshipped Lugonu.
Lugonu was aware of your devotion.
You visited 1 branch of the dungeon, and saw 2 of its levels.
You visited the Abyss 1 time.


Innate Abilities, Weirdness & Mutations

You regenerate magic rapidly.


   Skills:
 + Level 3.1 Fighting
 * Level 2.2 Polearms
 + Level 2.0 Armour
 - Level 1.0 Dodging
 + Level 2.8 Invocations


You had one spell level left.
You didn't know any spells.
Your spell library was empty.

Inventory:

Hand Weapons
 a - a +1 spear (weapon)
Missiles
 d - 10 stones
 e - 25 bolts
Armour
 b - a +0 leather armour (worn)
Scrolls
 f - a scroll of amnesia {unknown}
Potions
 c - 2 potions of flight {unknown}

Dungeon Overview and Level Annotations

Branches:
Dungeon (2/15)

Altars:

Annotations:
D:1 Terence

#.# #.# #.# #.#
#.# #.#
#############.#
###>@...........#
#####
##.#@#############
..... #.....#
..... ##.#..# ###
#.#..# .. #.#..#
.# #.#... .#
#.##.## .# #.##.#
.# #.##.#


You could see Terence.


Message History

You fall into a shaft and drop 1 floor!
The shaft crumbles and collapses.
No target in view!
No target in view!
No target in view!
No target in view!
Unknown command.
No target in view!
Found a stone staircase leading up.
You open the door.
There is an open door here. 2 jackals come into view.
The jackal barks!
You hear a bark!
Terence the Incautious comes into view.
He is wielding a +0 short sword.
You hear a bark!
You hear a shout!
Terence shouts!
You hit the jackal. You hit the jackal. The jackal closely misses you.
The jackal bites you.
A jackal comes into view.
A hobgoblin comes into view. 😕 HP[-3]
You take 3 damage, and now have 21/24 hp.
You barely miss the jackal.
The jackal barks!
The jackal barely misses you.
The jackal bites you but does no damage. x2
The jackal misses you.
A jackal comes into view.
A kobold comes into view. It is wielding a +0 short sword.
The jackal bites you. 😕 HP[-1]
You take 1 damage, and now have 20/24 hp.
The jackal bites you but does no damage.
The jackal barely misses you.
You barely miss the jackal.
The jackal bites you but does no damage.
You hit the jackal.
The jackal bites you but does no damage.
You hit the jackal.
The jackal barely misses you. x2 😕 HP[+1]
You miss the jackal. The jackal bites you. 😕 HP[-2]
You take 2 damage, and now have 19/24 hp.
You hit the jackal. You closely miss the jackal. The jackal barely misses you.
You hit the jackal.
You kill the jackal!
Lugonu accepts your kill.
Your Armour skill increases to level 2!
You hit the jackal.
You kill the jackal!
Lugonu accepts your kill. The jackal closely misses you.
You barely miss the jackal. The jackal misses you.
You hit the jackal.
You kill the jackal!
Lugonu accepts your kill. The kobold barely misses you.
You hit the kobold. You closely miss the kobold.
The kobold hits you but does no damage.
You hit the kobold.
You kill the kobold!
Lugonu accepts your kill.
You closely miss the hobgoblin. The hobgoblin closely misses you.
You barely miss the hobgoblin.
The hobgoblin hits you but does no damage.
You barely miss the hobgoblin. The hobgoblin barely misses you.
Terence looks scornfully at you. 😕 HP[+1]
You hit the hobgoblin. The hobgoblin barely misses you.
You hit the hobgoblin.
You kill the hobgoblin!
Lugonu accepts your kill.
You closely miss Terence. Terence barely misses you.
You hit Terence. Terence screams, "I want your blood!"
Terence hits you with a +0 short sword. 😮 HP[-4]
You take 4 damage, and now have 16/24 hp.
You are too injured to fight recklessly!
You are too injured to fight recklessly!
You are too injured to fight recklessly!
You are too injured to fight recklessly!
You are too injured to fight recklessly!
You hit Terence but do no damage. Terence hits you with a +0 short sword.
* * * LOW HITPOINT WARNING * * *
😨 HP[-5]
You take 5 damage, and now have 11/24 hp.
MASSIVE DAMAGE!! (PAUSE)
You hit Terence but do no damage. Terence hits you with a +0 short sword!
* * * LOW HITPOINT WARNING * * *
😱 HP[-8]
You take 8 damage, and now have 3/24 hp.
MASSIVE DAMAGE!! (PAUSE)
There is a stone staircase leading up here.
Terence closely misses you.
You climb upwards.
There is a stone staircase leading down here. 😱 HP[+1] Terence hits you with a +0 short sword!
You die...

Skill      XL: |  1  2 |
---------------+-------+-----
Polearms       | 2 |  2.2
Dodging        | 1 |  1.0
Armour         | 2 |  2.0
Fighting       | |  3.1
Invocations    | |  2.8

Action                   || total
-------------------------++-------
Melee: Spear             ||    47
 Stab: Sleeping          ||     1
Armor: Leather armour    ||    10
Dodge: Dodged            ||    25

Levels and vault maps discovered:
D:1:      dpeg_arrival_prison, layout_loops_ring, serial_shops, shop
D:2:      layout_basic, minmay_misc_feat_diagonals,
          hangedman_abyss_or_decor_stabs, uniq_terence

Notes
Turn   | Place    | Note
-------+----------+-------------------------------------------
     0 | Abyss:1  | spiderkeys the Demonspawn Abyssal Knight began the quest
                  | for the Orb.
     0 | Abyss:1  | Reached XP level 1. HP: 18/18 MP: 2/2
     0 | Abyss:1  | magus.rc [v1.9.10]
    49 | Abyss:1  | Reached skill level 2 in Polearms
    49 | Abyss:1  | Reached skill level 1 in Dodging
   207 | Abyss:1  | Found a corrupted altar of Lugonu.
   220 | Abyss:1  | Noticed a quasit
   228 | D:1      | You pass through the gate.
   228 | D:1      | Escaped the Abyss
   240 | D:1      | Gained mutation: You regenerate magic rapidly. [demonic
                  | ancestry]
   240 | D:1      | Reached XP level 2. HP: 20/24 MP: 4/4
   480 | D:1      | You fall into a shaft and drop 1 floor!
   523 | D:2      | Noticed Terence
   538 | D:2      | Reached skill level 2 in Armour
   552 | D:2      | HP: 3/24 [Terence/+0 short sword (8)]
   561 | D:1      | Slain by Terence

Vanquished Creatures
  A white imp (Abyss:1)
  A giant cockroach (D:1)
  A hobgoblin (D:2)
  3 jackals (D:2)
  A kobold (D:2)
  A rat (D:1)
8 creatures vanquished.

Table legend:
 A = Non-vault XP
 B = Vault XP
 C = Vault XP percentage of total XP
 D = Non-vault monster count
 E = Vault monster count
 F = Vault count percentage of total count
                 A         B        C        D         E       F
            +---------+---------+-------+---------+---------+-------
      Total |      21 |       3 |  12.5 |       6 |       2 |  25.0
            +---------+---------+-------+---------+---------+-------
        D:1 |       0 |       3 | 100.0 |       0 |       2 | 100.0
        D:2 |      10 |       0 |   0.0 |       5 |       0 |   0.0
    Abyss:1 |      11 |       0 |   0.0 |       1 |       0 |   0.0
            +---------+---------+-------+---------+---------+-------

Illustrated notes

Table legend:
 A = Kills in this place as a percentage of kills in entire the game.
 B = Kills by you in this place as a percentage of kills by you in the entire game.
 C = Kills by friends in this place as a percentage of kills by friends in the entire game.
 D = Other kills in this place as a percentage of other kills in the entire game.
 E = Experience gained in this place as a percentage of experience gained in the entire game.
 F = Experience gained in this place divided by the number of levels of this place that you have seen.
                   A       B       C       D       E      F
               +-------+-------+-------+-------+-------+----------------------
         Total | 100.0 | 100.0 |   N/A |   N/A | 100.0 |   8.0
       Dungeon |  87.5 |  87.5 |   N/A |   N/A |  54.2 |   6.5
         Abyss |  12.5 |  12.5 |   N/A |   N/A |  45.8 |  11.0
               +-------+-------+-------+-------+-------+----------------------

Table legend: (Time is in decaauts)
 A = Elapsed time spent in this place.
 B = Non-inter-level travel time spent in this place.
 C = Inter-level travel time spent in this place.
 D = Time resting spent in this place.
 E = Time spent auto-exploring this place.
 F = Levels seen in this place.
 G = Mean time per level.
                   A        B        C        D        E       F      G
               +--------+--------+--------+--------+--------+-----+--------+
         Total |    560 |    560 |      0 |      0 |    483 |   3 |  186.7 |
       Dungeon |    332 |    332 |      0 |      0 |    274 |   2 |  166.0 |
         Abyss |    228 |    228 |      0 |      0 |    209 |   1 |  228.0 |
               +--------+--------+--------+--------+--------+-----+--------+

Top non-repeatable levels by time:
     D:1: 253 daAuts
 Abyss:1: 228 daAuts
     D:2: 79 daAuts
